Map: Ascension to Aiur LE

Players

Nerchio - Winner!

  • Race: Zerg Zerg
  • Spawn Location: 5:00

soO

  • Race: Zerg Zerg
  • Spawn Location: 11:00

Event: 2017 WCS Global Finals

VOD

Have the link to the VOD?

Description

Time

  • Played on: Oct. 27, 2017, 2:16 p.m.
  • Length: 6:46

All games in this series

Show
View Real Time Build Order
Export as new Build Order

Nerchio Zerg - Winner!

Build Orders: Hatch First 

Get SALT Encoding   

  12  0:00  Drone  
  13  0:12  Overlord  
  13  0:17  Drone  
  14  0:30  Drone x2  
  14  0:34  Drone  
  17  0:51  Hatchery  
  17  0:55  Drone  
  17  0:59  Drone  
  18  1:08  Extractor  
  17  1:13  Spawning Pool  
  17  1:17  Drone  
  17  1:20  Drone  
  18  1:28  Drone  
  19  1:38  Overlord  
  19  1:49  Drone  
  20  1:59  Queen  
  20  2:00  Zergling x2  
  23  2:03  Queen, Zergling x2  
  23  2:08  Metabolic Boost  
  26  2:12  Drone  
  26  2:15  Drone  
  28  2:23  Drone  
  28  2:25  Drone  
  30  2:32  Drone  
  31  2:38  Queen  
  31  2:41  Zergling x2  
  31  2:44  Spine Crawler  
  33  2:45  Zergling x2  
  33  2:47  Zergling x2  
  33  2:56  Zergling x2  
  33  2:57  Zergling x2  
  34  3:06  Zergling x2  
  34  3:09  Zergling x6  
  34  3:11  Zergling x2  
  25  3:20  Zergling x2  
  25  3:21  Zergling x2  
  26  3:32  Queen  
  27  3:40  Zergling x4  
  29  3:44  Zergling x2  
  29  3:47  Zergling x2  
  31  3:55  Zergling x4  
  32  4:03  Zergling x2  
  32  4:05  Zergling x4  
  33  4:12  Baneling Nest  
  33  4:15  Zergling x2  
  33  4:22  Zergling x4  
  32  4:26  Zergling x2  
  32  4:29  Zergling x2  
  30  4:34  Zergling x2  
  28  4:44  Zergling x4  
  28  4:45  Zergling x2  
  29  4:47  Zergling x2  
  29  4:52  Zergling x2  
  30  4:55  Baneling  
  30  4:56  Baneling  
  30  4:58  Zergling x2  
  30  5:04  Baneling x2  
  30  5:16  Queen  
  30  5:19  Drone x2  
  33  5:24  Baneling x2  
  33  5:26  Zergling x2  
  34  5:34  Overlord  
  34  5:37  Drone  
  34  5:40  Drone  
  31  5:44  Drone  
  31  5:47  Drone  
  33  5:50  Drone  
  33  5:52  Zergling x2  
  33  5:56  Baneling x2  
  34  5:59  Zergling x2  
  35  6:14  Drone x2  
  35  6:15  Drone  
  35  6:17  Drone  
  39  6:26  Drone x3  
Show
View Real Time Build Order
Export as new Build Order

soO Zerg 

Build Orders: 1 Base Baneling Bust, Pool Only, Zergling Baneling 

Get SALT Encoding   

  12  0:00  Drone  
  13  0:14  Extractor  
  12  0:23  Spawning Pool  
  12  0:28  Drone  
  12  0:32  Drone  
  13  0:37  Drone  
  14  0:49  Overlord  
  14  1:10  Queen, Zergling x2  
  17  1:16  Metabolic Boost  
  17  1:21  Zergling x2  
  18  1:26  Zergling x2  
  19  1:36  Baneling Nest  
  19  1:40  Zergling x2  
  19  1:48  Zergling x2  
  19  1:49  Zergling x2  
  21  1:58  Overlord  
  21  2:05  Zergling x2  
  22  2:17  Zergling x2  
  22  2:18  Zergling x4  
  25  2:34  Zergling x4  
  27  2:40  Baneling x2  
  27  2:47  Zergling x2  
  26  2:53  Zergling x4  
  26  2:58  Baneling  
  28  2:59  Zergling x2  
  28  3:00  Zergling x2  
  28  3:11  Zergling x2  
  24  3:20  Zergling x2  
  24  3:24  Zergling x6  
  26  3:40  Zergling x2  
  27  3:45  Baneling x2  
  27  3:52  Baneling  
  27  3:53  Baneling  
  27  3:54  Baneling  
  27  3:58  Zergling x4  
  29  4:09  Zergling x2  
  29  4:13  Baneling  
  29  4:14  Overlord  
  29  4:18  Baneling  
  30  4:24  Zergling x2  
  30  4:28  Baneling x2  
  27  4:35  Zergling x2  
  27  4:44  Zergling x4  
  28  4:48  Zergling x4  
  28  4:49  Zergling x2  
  28  4:52  Baneling x2  
  25  5:16  Zergling x2  
  25  5:17  Zergling x4  
  28  5:25  Baneling  
  28  5:26  Baneling  
  26  5:48  Zergling x12  
  32  6:00  Baneling x5  
  28  6:11  Zergling x4  
  27  6:32  Baneling  
Tags
 
Add a new tag
Caveats
  • Supply blocks, unpowered buildings, or Contaminate may cause inaccurate times.
  • Supply counts are checked every 10 seconds.